 Dungeon Crawl Stone Soup version 0.31-a0-1071-gaead2f62b1 (webtiles) character file.

Game seed: 5803531686847810873

102 CowFu the Shooter (level 5, -1/30 HPs)
             Began as a Kobold Hunter on Nov 25, 2023.
             Was a Believer of Dithmenos.
             Slain by a gnoll
             ... wielding a +0 spear
              (3 damage)
             ... on level 3 of the Dungeon.
             The game lasted 00:01:52 (1337 turns).

CowFu the Shooter (Kobold Hunter)                   Turns: 1337, Time: 00:01:52

Health: -1/30      AC:  3    Str:  9    XL:     5   Next: 5%
Magic:  5/5        EV: 15    Int: 10    God:    Dithmenos [**....]
Gold:   86         SH:  0    Dex: 29    Spells: 4/4 levels left

rFire   . . .        a - +0 shortbow
rCold   . . .        (shield currently unavailable)
rNeg    + + .        c - +0 leather armour
rPois   .            (no helmet)
rElec   .            (no cloak)
rCorr   .            (no gloves)
SInv    +            (no boots)
Will    .....        j - amulet "Uppenlo" {Faith Drain rN++ Dex+3}
Stlth   ++++         i - +6 ring of dexterity
HPRegen 0.25/turn    e - ring of see invisible
MPRegen 0.09/turn

%: faith
@: wreathed by umbra
A: small, no large weapons, nightstalker 3
a: Renounce Religion, Shadow Step


You were on level 3 of the Dungeon.
You worshipped Dithmenos.
Dithmenos was pleased with you.
You visited 1 branch of the dungeon, and saw 3 of its levels.

You collected 86 gold pieces.

Inventory:

Hand Weapons
 a - a +0 shortbow (weapon)
 b - a +0 rapier
Armour
 c - a +0 leather armour (worn)
Jewellery
 e - a ring of see invisible (right hand)
 h - a ring of protection from fire
 i - a +6 ring of dexterity (left hand)
 j - the amulet "Uppenlo" (around neck) {Faith Drain rN++ Dex+3}
   (You found it on level 2 of the Dungeon)

   [amulet of faith]

   Faith:     It allows you to gain divine favour quickly.
   Dex+3:     It affects your dexterity (+3).
   rN++:      It greatly protects you from negative energy.
   Drain:     It drains your maximum health when unequipped.
Scrolls
 d - a scroll of butterflies
 f - 3 scrolls of identify {unknown}
 g - a scroll of fog {unknown}
 m - a scroll of teleportation {unknown}
Potions
 k - 2 potions of mutation {unknown}
 l - 2 potions of berserk rage {unknown}
 n - a potion of curing {unknown}
 o - a potion of cancellation {unknown}


   Skills:
 - Level 2.1 Fighting
 + Level 7.9 Ranged Weapons
 - Level 2.4 Dodging
 - Level 1.3 Stealth


You had 4 spell levels left.
You didn't know any spells.
Your spell library contained the following spells:

 Spells                   Type           Power      Damage    Failure   Level
 Call Canine Familiar     Summ           0%         N/A       85%         3
 Sigil of Binding         Hex            0%         N/A       85%         3
 Dimensional Bullseye     Hex/Tloc       0%         N/A       99%         4
 Leda's Liquefaction      Hex/Erth       0%         N/A       99%         4
 Passage of Golubria      Tloc           0%         N/A       99%         4
 Silence                  Hex/Air        0%         N/A       100%        5
 Lehudib's Crystal Spear  Conj/Erth      0%         10d2      100%        8


Dungeon Overview and Level Annotations

Branches:
Dungeon (3/15)

Altars:
Dithmenos


Innate Abilities, Weirdness & Mutations

You are small and have problems with some larger weapons.
You are completely attuned to the shadows.


Message History

A ball python comes into view.
You shoot an arrow. The arrow hits the gnoll.
The gnoll is lightly wounded.
The gnoll closely misses you.
You shoot an arrow. The arrow barely misses the gnoll.
The gnoll barely misses you. The gnoll hits you but does no damage.
You shoot an arrow. The arrow barely misses the gnoll.
The ball python misses you. The ball python barely misses you.
The gnoll barely misses you. The gnoll misses you.
You shoot an arrow. The arrow hits the gnoll.
The gnoll is heavily wounded.
The ball python closely misses you. The ball python barely misses you.
The gnoll hits you from afar with a +0 spear.
The gnoll hits you with a +0 club.
You shoot an arrow. The arrow hits the gnoll.
The gnoll is severely wounded.
The ball python misses you. x2; The gnoll hits you with a +0 club.
The gnoll hits you but does no damage.
You shoot an arrow. The arrow barely misses the gnoll.
The ball python bites you. The ball python grabs you.
The ball python constricts you. The gnoll closely misses you. x2
You are too injured to fight recklessly!
You are too injured to fight recklessly!
You are too injured to fight recklessly!
You are too injured to fight recklessly!
You are too injured to fight recklessly!
You are too injured to fight recklessly!
You are too injured to fight recklessly!
You are too injured to fight recklessly!
Unknown command.
The ball python's grasp on you weakens, but your attempt to escape fails.
The ball python misses you. The ball python constricts you.
The gnoll barely misses you. The gnoll closely misses you.
The ball python misses you. The ball python constricts you.
* * * LOW HITPOINT WARNING * * *
You escape the ball python's grasp.
The gnoll attacks as it pursues you! The gnoll hits you with a +0 club!
* * * LOW HITPOINT WARNING * * *
The gnoll hits you from afar with a +0 spear.
You die...

†... #. ....
#.## ....
....#.)..
....gSg..
#.#.@####
#..######
.#..†.....
...........
.........#.#
#.#...##....
#...>.......
##...##.#.#
#........#


You could see 2 gnolls and a ball python.

Vanquished Creatures
  A gnoll (D:3)
  3 adders
  A worm (D:2)
  3 dart slugs
  6 ball pythons
  4 endoplasms
  5 giant cockroaches
  6 hobgoblins
  6 kobolds
  2 quokkas
  7 bats
  4 frilled lizards
  4 goblins
  6 rats
58 creatures vanquished.

Notes
Turn   | Place    | Note
-------+----------+-------------------------------------------
     0 | D:1      | CowFu the Kobold Hunter began the quest for the Orb.
     0 | D:1      | Reached XP level 1. HP: 12/12 MP: 1/1
    38 | D:1      | Reached XP level 2. HP: 17/17 MP: 2/2
   131 | D:1      | Reached skill level 6 in Ranged Weapons
   202 | D:1      | Reached XP level 3. HP: 21/21 MP: 3/3
   230 | D:1      | Found a faded altar of an unknown god.
   294 | D:1      | Prayed at the altar of an unknown god.
   294 | D:1      | Became a worshipper of Dithmenos the Shadowed
   294 | D:1      | Reached * piety under Dithmenos
   573 | D:2      | Reached skill level 7 in Ranged Weapons
   677 | D:2      | Identified the amulet "Uppenlo" {Faith Drain rN++ Dex+3}
   738 | D:2      | Reached XP level 4. HP: 26/26 MP: 4/4
  1095 | D:2      | Reached ** piety under Dithmenos
  1329 | D:3      | Reached XP level 5. HP: 30/30 MP: 5/5
  1337 | D:3      | Slain by a gnoll

Illustrated notes

Levels and vault maps discovered:
D:1:      tarquinn_simple_flora_water_e, layout_rooms,
          nicolae_ecumenical_snake_handling, nrook_campfire
D:2:      layout_basic
D:3:      layout_loops_cross, minivault_4, chequers_big_river,
          uniq_crazy_yiuf_cottage

Skill      XL: |  1  2  3 |
---------------+----------+-----
Ranged Weapons | 6 7 |  7.9
Fighting       | |  2.1
Dodging        | |  2.4
Stealth        | |  1.3

Action                     |  1- 3 |  4- 6 || total
---------------------------+-------+-------++-------
   Fire: Shortbow          |    91 |    61 ||   152
 Armour: Leather armour    |    14 |     8 ||    22
  Dodge: Dodged            |    23 |    31 ||    54

Table legend: (Time is in decaauts)
 A = Elapsed time spent in this place.
 B = Non-inter-level travel time spent in this place.
 C = Inter-level travel time spent in this place.
 D = Time resting spent in this place.
 E = Time spent auto-exploring this place.
 F = Levels seen in this place.
 G = Mean time per level.
                   A        B        C        D        E       F      G
               +--------+--------+--------+--------+--------+-----+--------+
         Total |   1353 |   1315 |     38 |      0 |   1033 |   3 |  451.0 |
       Dungeon |   1353 |   1315 |     38 |      0 |   1033 |   3 |  451.0 |
               +--------+--------+--------+--------+--------+-----+--------+

Top non-repeatable levels by time:
     D:2: 678 daAuts
     D:1: 544 daAuts
     D:3: 130 daAuts
